 Dungeon Crawl Stone Soup version 0.31-a0-1425-g903e00c (webtiles) character file.

Game seed: 14674993299744498683

11587 edsrzf the Thaumaturge (level 11, -6/77 HPs)
             Began as an Octopode Hedge Wizard on Dec 25, 2023.
             Was a High Priest of Cheibriados.
             Killed from afar by an acid dragon (27 damage)
             ... with a splash of acid
             ... on level 11 of the Dungeon on Dec 26, 2023.
             The game lasted 00:34:27 (14472 turns).

edsrzf the Thaumaturge (Octopode Hedge Wizard)     Turns: 14472, Time: 00:34:27

Health: -6/77      AC:  5    Str: 20    XL:     11   Next: 80%
Magic:  5/23       EV: 19    Int: 31    God:    Cheibriados [*****.]
Gold:   825        SH:  0    Dex: 24    Spells: 2/26 levels left

rFire   + . .        b - +1 short sword (venom)
rCold   . . .        (no shield)
rNeg    . . .        v - +0 hat
rPois   .            k - amulet of the acrobat
rElec   .            d - +4 ring of protection
rCorr   .            n - ring of protection from fire
SInv    .            w - +4 ring of protection
Will    ++...        y - ring of willpower
Stlth   ++++         E - ring of willpower
HPRegen 0.32/turn    (no ring)
MPRegen 0.18/turn    (no ring)
                     (no ring)

%: acrobat
@: corroded, very slow
A: almost no armour, amphibious, 8 rings, camouflage 1, gelatinous body 1,
(nimble swimmer 1), tentacles
a: Renounce Religion, Bend Time, Temporal Distortion, Slouch, Step From Time


You were on level 11 of the Dungeon.
You worshipped Cheibriados.
Cheibriados was extremely pleased with you.
You visited 2 branches of the dungeon, and saw 13 of its levels.
You also visited: Bailey.

You collected 825 gold pieces.

Inventory:

Hand Weapons
 a - a +1 dagger of flaming
 b - a +1 short sword of venom (weapon)
 i - a +1 whip of distortion
Missiles
 e - 4 darts of dispersal
 g - 48 poisoned darts
 p - 4 curare-tipped darts
 K - 3 javelins
Armour
 v - a +0 hat (worn)
Magical Staves
 h - a staff of death
 F - a staff of conjuration
Jewellery
 d - a +4 ring of protection (left tentacle)
 k - an amulet of the acrobat (around mantle)
 n - a ring of protection from fire (right tentacle)
 w - a +4 ring of protection (on tentacle)
 y - a ring of willpower (on tentacle)
 E - a ring of willpower (on tentacle)
Talismans
 j - a maw talisman
Wands
 l - a wand of light (2)
 t - a wand of iceblast (13)
 x - a wand of mindburst (8)
 I - a wand of polymorph (13)
 J - a wand of flame (23)
 O - a wand of charming (2)
Scrolls
 f - 2 scrolls of fear {unknown}
 m - a scroll of fog
 q - a scroll of poison {unknown}
 s - 4 scrolls of noise
 C - a scroll of revelation {unknown}
 H - a scroll of torment {unknown}
 L - 3 scrolls of identify {@r1}
 P - a scroll of enchant weapon {unknown}
 R - a scroll of amnesia {unknown}
Potions
 c - 2 potions of magic
 o - 2 potions of resistance
 r - a potion of heal wounds
 u - 2 potions of berserk rage {!q}
 z - 4 potions of mutation {!q}
 A - a potion of invisibility {unknown}
 B - a potion of lignification
 D - a potion of ambrosia
 G - 2 potions of brilliance
 M - a potion of attraction
 N - a potion of might {unknown}
 Q - a potion of enlightenment {unknown}


   Skills:
 + Level 7.9 Fighting
 - Level 7.2 Dodging
 - Level 2.6 Stealth
 - Level 8.0 Spellcasting
 - Level 7.0 Conjurations
 - Level 6.1 Hexes
 - Level 1.0 Summonings
 + Level 4.0 Necromancy
 - Level 1.0 Translocations
 - Level 7.0 Shapeshifting


You had 2 spell levels left.
You knew the following spells:

 Your Spells              Type           Power      Damage    Failure   Level
a - Passwall              Alch/Erth      10%        N/A       6%          2
b - Blink                 Tloc           36%        N/A       4%          2
c - Confusing Touch       Hex            50%        N/A       1%          3
d - Tukima's Dance        Hex            50%        N/A       1%          3
r - Searing Ray           Conj           100%       2d8       1%          2
s - Slow                  Hex            100%       N/A       1%          1
u - Dispel Undead         Necr           37%        3d15      8%          4
z - Dazzling Flash        Conj/Hex       100%       N/A       1%          3
C - Mephitic Cloud        Conj/Alch/Air  26%        N/A       4%          3
X - Magic Dart            Conj           100%       1d8       1%          1

Your spell library contained the following spells:

 Spells                   Type           Power      Damage    Failure   Level
 Kiss of Death            Conj/Necr      100%       2d13      1%          1
 Cigotuvi's Dreadful Rot  Necr/Alch/Air  40%        N/A       3%          2
 Call Imp                 Summ           36%        N/A       4%          2
 Fulminant Prism          Conj/Alch      17%        3d10      10%         4
 Agony                    Necr           37%        N/A       22%         5
 Passage of Golubria      Tloc           18%        N/A       26%         4
 Arcjolt                  Conj/Air       17%        1d27      26%         5
 Summon Ice Beast         Ice/Summ       15%        N/A       32%         4
 Vhi's Electric Charge    Tloc/Air       30%        N/A       32%         4
 Silence                  Hex/Air        15%        N/A       32%         5
 Yara's Violent Unravell  Hex/Alch       15%        3d8       32%         5
 Ignite Poison            Fire/Alch      12%        N/A       36%         4
 Freezing Cloud           Conj/Ice/Air   13%        6-21      38%         5
 Plasma Beam              Fire/Air       6%         2x1d16    99%         6
 Haunt                    Necr/Summ      14%        N/A       100%        7
 Malign Gateway           Summ/Tloc      9%         N/A       100%        7
 Borgnjor's Revivificati  Necr           18%        N/A       100%        8
 Death's Door             Necr           18%        N/A       100%        9


Dungeon Overview and Level Annotations

Branches:
Dungeon (12/15)            Temple (1/1) D:6             Orc (0/2) D:12
 Bailey (visited)
   Lair: D:8-11

Altars:
Ashenzari
Cheibriados
Dithmenos
Elyvilon
Fedhas
Gozag
Hepliaklqana
Kikubaaqudgha
Makhleb
Nemelex Xobeh
Okawaru
Qazlal
Ru
Sif Muna
Trog
Uskayaw
Vehumet
Wu Jian
Xom
Yredelemnul
Zin
The Shining One

Shops:
D:1 (   D:7 *   D:10 =

Annotations:
D:12 exclusion: acid dragon


Innate Abilities, Weirdness & Mutations

You cannot wear most types of armour.
You are amphibious.
You can wear up to eight rings at the same time.
Your skin changes colour to match your surroundings (Stealth+).
Your rubbery body absorbs attacks. (AC +1, EV +1)
((You are camouflaged when in or above water. (Stealth+)))
You have tentacles for arms and can constrict up to eight enemies at once.


Message History

Cheibriados appreciates the change of pace.
Reactivating autopickup.
You feel a bit more experienced.
An acid dragon comes into view.
Casting: Magic Dart (safe; 1% risk of failure)
Confirm with . or Enter, or press ? or * to list all spells.
Aiming: Mephitic Cloud (dangerous; 4% risk of failure)
Press: ? - help, Shift-Dir - straight line, f - cyclops
Aim: a cyclops, quivering large rocks (lightly wounded, confused, chance to affect: 58%)
The ball explodes into a vile cloud!
The stinking cloud engulfs the cyclops.
The cyclops is lightly wounded.
The acid dragon roars!
The cyclops seems less confused.
The cyclops is engulfed in noxious fumes.
Press: ? - help, v - describe, . - travel, g - get item
Here: a cyclops, quivering large rocks (lightly wounded)
Items here: " ))) [[[ ††.
The floor, spattered with blood.
Unknown command.
You hit the cyclops but do no damage.
The cyclops is poisoned.
The cyclops is lightly wounded.
The cyclops hits you!
You hit the cyclops.
The cyclops looks as sick as possible!
You squeeze the cyclops, but do no damage.
The cyclops is lightly wounded.
Throw: 5 darts (curare)
Press: ? - help, Shift-Dir - straight line, f/p - cyclops
Aim: a cyclops, quivering large rocks (lightly wounded, extremely poisoned, 87% to hit)
You throw a curare-tipped dart.
The curare-tipped dart hits the cyclops.
The cyclops looks as sick as possible!
The cyclops convulses.
The cyclops seems to slow down.
The cyclops is moderately wounded.
The orc wizard shouts!
The cyclops misses you.
Casting: Mephitic Cloud (dangerous; 4% risk of failure)
Confirm with . or Enter, or press ? or * to list all spells.
Okay, then.
Unknown command.
Casting: Mephitic Cloud (dangerous; 4% risk of failure)
Confirm with . or Enter, or press ? or * to list all spells.
Aiming: Searing Ray (safe; 1% risk of failure)
Press: ? - help, Shift-Dir - straight line, f/p - cyclops
Aim: a cyclops, quivering large rocks (moderately wounded, extremely poisoned, slow, 98% to hit)
The searing ray hits the cyclops.
The cyclops is heavily wounded. (Press . to maintain the ray.)
The searing ray hits the cyclops but does no damage.
The cyclops is heavily wounded.
The searing ray hits the cyclops!
The cyclops is severely wounded.
The cyclops hits you!
The searing ray hits the cyclops.
The cyclops is almost dead.
You finish channelling your searing ray.
Casting: Searing Ray (safe; 1% risk of failure)
Confirm with . or Enter, or press ? or * to list all spells.
Aiming: Searing Ray (safe; 1% risk of failure)
Press: ? - help, Shift-Dir - straight line, f - orc wizard, p - cyclops
Aim: an orc wizard, wielding a +0 dagger and wearing a +0 robe (thin mist, 79% to hit)
The searing ray hits the cyclops.
The cyclops is almost dead.
The searing ray hits the acid dragon!
The acid dragon is moderately wounded.
The searing ray hits the orc wizard!
The orc wizard is almost dead. (Press . to maintain the ray.)
The cyclops barely misses you.
Unknown command.
The searing ray hits the cyclops.
You kill the cyclops!
Your Necromancy skill increases to level 4!
The searing ray hits the acid dragon!
The acid dragon is severely wounded.
The searing ray hits the orc wizard!
You kill the orc wizard!
Cheibriados appreciates the change of pace.
The acid dragon spits acid at you. The splash of acid hits you!
* * * LOW HITPOINT WARNING * * *
The acid corrodes you!
The searing ray misses the acid dragon.
You finish channelling your searing ray.
The acid dragon misses you.
The acid dragon claws you but does no damage.
Casting: Searing Ray (safe; 1% risk of failure)
Confirm with . or Enter, or press ? or * to list all spells.
Okay, then.
Unknown command.
Casting: Searing Ray (safe; 1% risk of failure)
Confirm with . or Enter, or press ? or * to list all spells.
Aiming: Searing Ray (safe; 1% risk of failure)
Press: ? - help, Shift-Dir - straight line, f - acid dragon
Aim: an acid dragon (severely wounded, 83% to hit)
The searing ray hits the acid dragon.
The acid dragon is almost dead. (Press . to maintain the ray.)
The acid dragon spits acid at you. The splash of acid hits you!!
You die...

...........)..###.....#
.##..##..)....####...##
..>......###...##<...##
#.........#...#...>..#
#.....).....#...##.#.##
...........###.#...##..#
...............#.......##
.......#................###
.......##......)@)..#....)## #
#...... ...####D####.....).#.#
#...... ...#~~.){~≈#.........##.#
####... .. #~§§...~#..........#..
.#..... .#~§§§).~#.............
..............§§.).....#.........
...........#~.§§.?)#.#........###
...........#~...)≈)#####.....#≈≈≈
.......... #~≈~.~~≈#..##.....~~≈≈


You could see an acid dragon (catching breath).

Vanquished Creatures
  A boulder beetle (D:11)
  A flayed ghost (D:11)
  A deep elf pyromancer (D:11)
  A cyclops (D:11)
  A manticore (D:11)
  3 gargoyles
  3 kobold demonologists (D:10)
  A komodo dragon (D:11)
  2 hornets
  Sigmund (D:2)
  A centaur simulacrum (D:11)
  A vampire (D:11)
  2 yaks (D:11)
  2 wyverns (D:10)
  2 shadows (D:11)
  A human (D:6)
  A wraith (D:12)
  A steam dragon (D:10)
  2 two-headed ogre zombies (D:12)
  A water moccasin (D:7)
  An ice beast (D:11)
  A sky beast (D:8)
  7 orc warriors
  A wolf (D:11)
  5 centaurs
  3 ogres
  4 kobold brigands
  A gnoll sergeant (D:11)
  2 scorpions (D:5)
  5 killer bees (D:9)
  7 vampire bats (Bailey)
  7 wolf zombies (Bailey)
  An electric eel (D:11)
  A bombardier beetle (D:6)
  2 quasits (D:5)
  A gnoll bouda (D:4)
  7 orc priests
  A hound (D:6)
  2 jellies
  Crazy Yiuf (D:2)
  2 iguanas (D:6)
  3 sleepcaps
  12 orc wizards
  Terence (D:3)
  6 ogre zombies (D:12)
  9 gnolls (D:4)
  37 orc zombies
  10 adders
  3 shadow imps (D:5)
  A white imp (D:5)
  8 ufetubi
  4 dart slugs
  36 orcs
  8 ball pythons
  8 endoplasms
  6 giant cockroaches
  4 gnoll zombies (D:12)
  10 goblins
  14 hobgoblins
  17 kobolds
  4 quokkas
  5 bats
  3 frilled lizards
  A gnoll skeleton (D:12)
  A kobold skeleton (D:6)
  2 orc skeletons (D:12)
  3 rats
307 creatures vanquished.

Vanquished Creatures (collateral kills)
  A two-headed ogre (D:10)
  A vampire (Bailey)
2 creatures vanquished.

Vanquished Creatures (others)
  A centaur simulacrum (D:11)
1 creature vanquished.

Grand Total: 310 creatures vanquished

Notes
Turn   | Place    | Note
-------+----------+-------------------------------------------
     0 | D:1      | edsrzf the Octopode Hedge Wizard began the quest for the
                  | Orb.
     0 | D:1      | Reached XP level 1. HP: 11/11 MP: 4/4
   268 | D:1      | Reached skill level 2 in Conjurations
   268 | D:1      | Reached XP level 2. HP: 17/17 MP: 1/6
   619 | D:1      | Found Jiplum's Antique Weapon Shop.
   840 | D:1      | Found a faded altar of an unknown god.
   848 | D:1      | Reached XP level 3. HP: 21/21 MP: 7/7
  1015 | D:1      | Reached skill level 3 in Conjurations
  1563 | D:2      | Noticed Sigmund
  1626 | D:2      | Learned a level 1 spell: Slow
  1629 | D:2      | Learned a level 2 spell: Blink
  2174 | D:2      | Reached XP level 4. HP: 27/27 MP: 4/8
  2397 | D:3      | Reached skill level 4 in Conjurations
  2792 | D:3      | Noticed Terence
  2805 | D:3      | Identified 3 potions of curing
  2820 | D:3      | Killed Terence
  2821 | D:3      | Reached XP level 5. HP: 25/31 MP: 2/10
  3305 | D:4      | Got Sif Muna's Elucidation of Heavy Phantasms
  3564 | D:4      | Reached skill level 4 in Spellcasting
  3564 | D:4      | Reached skill level 5 in Conjurations
  3564 | D:4      | Reached XP level 6. HP: 29/36 MP: 10/12
  3823 | D:4      | Reached XP level 7. HP: 35/41 MP: 10/14
  3968 | D:4      | Learned a level 3 spell: Dazzling Flash
  4245 | D:4      | Reached skill level 5 in Spellcasting
  4339 | D:5      | Entered Level 5 of the Dungeon
  4417 | D:5      | Reached skill level 6 in Conjurations
  4454 | D:5      | Reached skill level 1 in Shapeshifting
  4456 | D:5      | Identified 8 scrolls of identify
  4456 | D:5      | Identified 3 potions of heal wounds
  4469 | D:5      | Identified 2 scrolls of fog
  4470 | D:5      | Identified 2 scrolls of teleportation
  4587 | D:5      | Reached skill level 2 in Shapeshifting
  4749 | D:5      | Reached XP level 8. HP: 46/46 MP: 15/15
  5406 | D:6      | Reached skill level 7 in Conjurations
  5406 | D:6      | Reached skill level 3 in Shapeshifting
  5846 | D:6      | Reached skill level 3 in Dodging
  6058 | D:6      | Found a staircase to the Ecumenical Temple.
  6068 | Temple   | Entered the Ecumenical Temple
  6075 | Temple   | Became a worshipper of Cheibriados the Contemplative
  6131 | D:6      | Found a runed translucent door.
  6136 | D:6      | Learned a level 3 spell: Mephitic Cloud
  6139 | D:6      | Learned a level 2 spell: Passwall
  6143 | D:6      | Learned a level 3 spell: Tukima's Dance
  6154 | D:6      | Found a basalt altar of Yredelemnul.
  6164 | D:6      | Reached skill level 4 in Shapeshifting
  6438 | D:2      | Found a runed translucent door.
  6439 | D:2      | Noticed Crazy Yiuf
  6449 | D:2      | Killed Crazy Yiuf
  6539 | D:2      | Killed Sigmund
  6540 | D:2      | Reached skill level 4 in Dodging
  6890 | D:7      | Reached skill level 5 in Shapeshifting
  6967 | D:7      | Found Akeckina's Alliterative Accessories.
  7376 | D:8      | Reached XP level 9. HP: 41/51 MP: 16/16
  7442 | D:8      | Identified a potion of berserk rage
  7443 | D:8      | Identified 2 potions of mutation
  7444 | D:8      | Identified a potion of lignification
  7445 | D:8      | Identified a potion of ambrosia
  7446 | D:8      | Identified a potion of attraction
  7447 | D:8      | Identified 2 potions of brilliance
  7448 | D:8      | Identified 3 potions of degeneration
  7450 | D:8      | Identified 2 scrolls of noise
  7451 | D:8      | Identified 2 scrolls of blinking
  7515 | D:8      | Reached skill level 5 in Dodging
  7558 | D:8      | Reached * piety under Cheibriados
  7566 | D:8      | Found a flagged portal.
  7618 | Bailey   | Entered a bailey
  7910 | Bailey   | Reached skill level 6 in Dodging
  7910 | Bailey   | Reached skill level 6 in Shapeshifting
  7910 | Bailey   | Upgraded the game from 0.31-a0-1407-ga5f2854 to
                  | 0.31-a0-1425-g903e00c
  7912 | Bailey   | Reached ** piety under Cheibriados
  8002 | Bailey   | Noticed a gargoyle
  8157 | Bailey   | Learned a level 3 spell: Confusing Touch
  8173 | Bailey   | Killed a gargoyle
  8281 | Bailey   | Reached skill level 7 in Dodging
  8451 | Bailey   | Identified the +0 robe "Zybriargh" {rPois Will+ Archmagi}
  8452 | Bailey   | Identified the +0 helmet "Hixuum" {rElec Will+++ rCorr
                  | Dex-3}
  8523 | D:8      | Noticed a hornet
  8533 | D:8      | Reached skill level 7 in Shapeshifting
  8534 | D:8      | Paralysed by a hornet for 1 turns
  8699 | D:8      | Found a hazy altar of Hepliaklqana.
  8700 | D:8      | Found a shimmering altar of Xom.
  8700 | D:8      | Noticed a tentacled monstrosity
  8701 | D:8      | Noticed a spectral ugly thing
  8701 | D:8      | Noticed a tentacled monstrosity
  8748 | D:8      | Killed a hornet
  8749 | D:8      | Reached skill level 2 in Hexes
  9033 | D:8      | Reached skill level 3 in Hexes
  9033 | D:8      | Reached XP level 10. HP: 39/56 MP: 12/17
  9567 | D:9      | Found a radiant altar of Vehumet.
  9654 | D:9      | Reached skill level 4 in Hexes
  9721 | D:9      | Found a glowing silver altar of Zin.
  9905 | D:9      | Found an opulent altar of Gozag.
  9919 | D:9      | Found a white marble altar of Elyvilon.
  9990 | D:9      | Reached *** piety under Cheibriados
 10290 | D:9      | Reached skill level 5 in Hexes
 11021 | D:10     | Entered Level 10 of the Dungeon
 11037 | D:10     | Reached skill level 6 in Hexes
 11117 | D:10     | Noticed a two-headed ogre
 11179 | D:10     | Reached skill level 1 in Fighting
 11396 | D:10     | Reached skill level 2 in Fighting
 11547 | D:10     | Reached **** piety under Cheibriados
 11742 | D:10     | Identified a potion of resistance
 11743 | D:10     | Found Saickur's Jewellery Emporium.
 11743 | D:10     | Noticed a kobold demonologist
 11743 | D:10     | Noticed a kobold demonologist
 11750 | D:10     | Killed a kobold demonologist
 11754 | D:10     | Killed a kobold demonologist
 11755 | D:10     | Reached skill level 3 in Fighting
 11755 | D:10     | Reached skill level 6 in Spellcasting
 11755 | D:10     | Noticed a kobold demonologist
 11764 | D:10     | Killed a kobold demonologist
 12024 | D:11     | Reached skill level 4 in Fighting
 12139 | D:11     | Noticed a cyclops
 12164 | D:11     | Noticed a deep elf pyromancer
 12173 | D:11     | Killed a deep elf pyromancer
 12177 | D:11     | Noticed a boulder beetle
 12190 | D:11     | Reached XP level 11. HP: 39/70 MP: 7/21
 12194 | D:11     | Noticed a hell knight
 12200 | D:11     | Reached skill level 5 in Fighting
 12357 | D:11     | Reached skill level 7 in Spellcasting
 12852 | D:10     | Killed a two-headed ogre
 12853 | D:10     | Reached skill level 6 in Fighting
 13014 | D:11     | Noticed a manticore
 13032 | D:11     | Killed a boulder beetle
 13033 | D:11     | Reached skill level 8 in Spellcasting
 13046 | D:12     | Noticed a red ugly thing
 13254 | D:12     | Learned a level 2 spell: Searing Ray
 13259 | D:12     | Learned a level 4 spell: Dispel Undead
 13383 | D:12     | Reached ***** piety under Cheibriados
 13513 | D:12     | Reached skill level 1 in Necromancy
 13540 | D:12     | Found a staircase to the Orcish Mines.
 13642 | D:12     | Noticed a cyclops
 14122 | D:12     | Reached skill level 7 in Fighting
 14122 | D:12     | Reached skill level 2 in Necromancy
 14254 | D:11     | Noticed a flayed ghost
 14255 | D:11     | Noticed a manticore
 14267 | D:11     | Killed a flayed ghost
 14268 | D:11     | Killed a manticore
 14269 | D:11     | Reached skill level 3 in Necromancy
 14469 | D:11     | Killed a cyclops
 14470 | D:11     | Reached skill level 4 in Necromancy
 14472 | D:11     | Killed from afar by an acid dragon

Illustrated notes

Levels and vault maps discovered:
D:1:      kennysheep_arrival_seaside, layout_basic, serial_shops, shop,
          hellmonk_ecumenical_altar_inner_sanctum
D:2:      layout_loops_ring, uniq_sigmund, uniq_crazy_yiuf_cottage
D:3:      layout_loops_ring, uniq_terence
D:4:      minmay_bubble_buster, layout_basic
D:5:      layout_basic, serial_demonic, serial_demonic_b, serial_demonic_d,
          serial_demonic_d, serial_demonic_b, serial_demonic_f,
          serial_demonic_b, hex_medium
D:6:      layout_basic, dk_yredelemnul_ordeal, minmay_temple_entry_wispy
D:7:      layout_loops_cross, serial_glass, glass_columns_c, glass_columns_c,
          nicolae_alphabet_shops
D:8:      layout_basic, regret_index_temple_of_mockery, enter_bailey_4
D:9:      layout_grid_maze, nicolae_overflow_quartered_altars
D:10:     layout_cave_pods, serial_shops, nicolae_shop_gaudy_bauble,
          minivault_22, chequers_jeans
D:11:     layout_cave_pools, lair_entry_dummy, serial_ice, serial_ice_o,
          serial_ice_l, serial_ice_m, serial_ice_g, serial_ice_f,
          serial_park_tiny_1, nicolae_doodle_vault
D:12:     layout_loops_cross, zombieorc2_lemuel
Temple:   nicolae_temple_no_exploring_needed

Skill      XL: |  1  2  3  4  5  6  7  8  9 10 11 |
---------------+----------------------------------+-----
Conjurations   | 2 3 4 5 6 7 |  7.0
Spellcasting   | 4 5 6 8 |  8.0
Shapeshifting  | 2 5 7 |  7.0
Dodging        | 4 7 |  7.2
Hexes          | 3 6 |  6.1
Fighting       | 4 7 |  7.9
Necromancy     | 4 |  4.0
Stealth        | |  2.6
Summonings     | |  1.0
Translocations | |  1.0

Action                     |  1- 3 |  4- 6 |  7- 9 | 10-12 || total
---------------------------+-------+-------+-------+-------++-------
  Melee: Dagger            |    24 |     6 |    99 |       ||   129
         Constrict         |     3 |    15 |    66 |    46 ||   130
         Tentacles         |     3 |    17 |    88 |    99 ||   207
         Punch             |     1 |       |     7 |     6 ||    14
         Short sword       |       |    53 |   211 |   270 ||   534
  Throw: Dart              |       |     2 |       |     1 ||     3
   Cast: Magic Dart        |    78 |    52 |   112 |   204 ||   446
         Blink             |       |     1 |       |     5 ||     6
         Slow              |       |       |     2 |       ||     2
         Tukima's Dance    |       |       |     8 |     4 ||    12
         Mephitic Cloud    |       |       |       |    13 ||    13
         Searing Ray       |       |       |       |    10 ||    10
         Dispel Undead     |       |       |       |     4 ||     4
         Confusing Touch   |       |       |       |     3 ||     3
  Evoke: Wand              |       |       |     7 |     4 ||    11
    Use: Potion            |       |     2 |     5 |     8 ||    15
         Scroll            |       |       |    13 |     4 ||    17
   Stab: Sleeping          |     6 |     6 |    11 |       ||    23
         Confused          |       |       |       |    13 ||    13
 Armour: Skin              |    10 |    25 |   224 |   170 ||   429
  Dodge: Dodged            |    12 |    33 |   292 |   269 ||   606

Table legend: (Time is in decaauts)
 A = Elapsed time spent in this place.
 B = Non-inter-level travel time spent in this place.
 C = Inter-level travel time spent in this place.
 D = Time resting spent in this place.
 E = Time spent auto-exploring this place.
 F = Levels seen in this place.
 G = Mean time per level.
                   A        B        C        D        E       F      G
               +--------+--------+--------+--------+--------+-----+--------+
         Total |  16921 |  15973 |    948 |   2655 |  10147 |  14 | 1208.6 |
       Dungeon |  15890 |  14957 |    933 |   2280 |   9934 |  12 | 1324.2 |
        Temple |     16 |      2 |     14 |      0 |      0 |   1 |   16.0 |
        Bailey |   1014 |   1014 |      0 |    375 |    212 |   1 | 1014.0 |
               +--------+--------+--------+--------+--------+-----+--------+

Top non-repeatable levels by time:
     D:9: 2333 daAuts
    D:10: 2063 daAuts
    D:12: 1498 daAuts
     D:8: 1459 daAuts
     D:4: 1319 daAuts
     D:1: 1240 daAuts
     D:2: 1148 daAuts
     D:6: 1121 daAuts
     D:5: 1063 daAuts
  Bailey: 1014 daAuts
     D:3: 932 daAuts
    D:11: 898 daAuts
     D:7: 812 daAuts
  Temple: 16 daAuts
